 Dungeon Crawl Stone Soup version 0.30-a0-168-g0b976cbdc4 (webtiles) character file.

Game seed: 3948209004340863290

413 qw the Chopper (level 6, -2/38 HPs)
             Began as a Gargoyle Fighter on Sept 29, 2022.
             Slain by Maggie
             ... wielding a +1 broad axe of pain
              (5 damage)
             ... on level 6 of the Dungeon.
             The game lasted 00:01:23 (2821 turns).

qw the Chopper (Gargoyle Fighter)                   Turns: 2821, Time: 00:01:23

Health: -2/38      AC: 12    Str: 22    XL:     6   Next: 91%
Magic:  6/6        EV:  9    Int:  8    God:
Gold:   107        SH:  4    Dex:  9    Spells: 5/5 levels left

rFire   . . .      SeeInvis +    Y - +0 war axe
rCold   . . .      Faith    .    c - +0 buckler
rNeg    + . .      Spirit   .    b - +0 scale mail
rPois   inf        Reflect  .    (no helmet)
rElec   +          Harm     .    i - +0 cloak
rCorr   .          Rampage  .    (no gloves)
Will    .....                    (no boots)
Stlth   ..........               (no amulet)
HPRegen 0.12/turn                a - ring of see invisible
MPRegen 0.10/turn                (no ring)

@: mesmerised
A: sickness immunity, AC +4, negative energy resistance 1, electricity
resistance, torment resistance 1, petrification resistance
a: no special abilities


You were on level 6 of the Dungeon.
You visited 1 branch of the dungeon, and saw 4 of its levels.
You also visited: Sewer.

You collected 107 gold pieces.


Innate Abilities, Weirdness & Mutations

You are immune to sickness and miasma.
Your stone body is resilient. (AC +4)
You are immune to poison.
You resist negative energy. (rN+)
You are resistant to electric shocks. (rElec)
You are resistant to unholy torment.
You are immune to petrification.


   Skills:
 - Level 4.2 Fighting
 + Level 5.9 Axes
 - Level 3.2 Armour
 - Level 1.1 Dodging
 - Level 3.2 Shields


You had 5 spell levels left.
You didn't know any spells.
Your spell library was empty.

Inventory:

Hand Weapons
 f - a +0 mace
 Y - a +0 war axe (weapon)
Missiles
 j - 5 boomerangs (quivered)
Armour
 b - a +0 scale mail (worn)
 c - a +0 buckler (worn)
 i - a +0 cloak (worn)
Jewellery
 a - a ring of see invisible (left hand)
 e - a ring of see invisible
Potions
 d - 3 potions of might
 g - a potion of heal wounds {unknown}
 h - a potion of resistance {unknown}
 k - a potion of haste {unknown}
 l - a potion of curing {unknown}

Dungeon Overview and Level Annotations

Branches:
Dungeon (3/15)              Sewer (visited)

Altars:

Annotations:
D:6 Maggie


Message History

You closely miss the scorpion.
The scorpion is heavily wounded.
You closely miss the hound. You block the scorpion's attack.
You block the hound's attack.
The scorpion stings you but does no damage.
The hound bites you but does no damage.
You hit the scorpion.
The scorpion is severely wounded.
You closely miss the hound. The hound closely misses you.
The scorpion stings you but does no damage.
The hound barely misses you.
You slash the scorpion!
You kill the scorpion!
You slash the hound!
You break out of your daze.
The hound barely misses you. The hound bites you but does no damage.
You barely miss the hound.
The hound is almost dead.
You hit Maggie but do no damage. The hound barely misses you.
Maggie says, "Have you seen any dragons?"
Maggie hits you with a +1 broad axe of pain.
You closely miss the hound.
The hound is almost dead.
You hit Maggie but do no damage. You block the hound's attack.
Maggie hits you with a +1 broad axe of pain.
The hound closely misses you.
You hit the hound.
You kill the hound!
You closely miss Maggie.
Maggie gestures wildly while chanting.
Maggie attempts to bespell you!
You are mesmerised by Maggie!
Maggie casts a spell.
Maggie draws you further into her thrall.
You closely miss Maggie.
Maggie hits you with a +1 broad axe of pain.
You die...

#~##~%.~.####
#~########..#
##~~..~~~~#.#
##########.#
#..# ##.## #
##..#
....#######..##
......%@....##
......@..####
.........#
.....#####
...#. .. < . .
..


You could see Maggie (mesmerising).

Vanquished Creatures
  2 bullfrogs (Sewer)
  A scorpion (D:6)
  2 hounds (D:6)
  5 adders
  A gnoll (D:1)
  A river rat (D:6)
  2 worms (D:2)
  An orc (D:3)
  5 bats
  4 endoplasms
  13 giant cockroaches
  11 goblins
  8 hobgoblins
  2 jackals (D:2)
  6 quokkas
  6 ball pythons
  9 frilled lizards
  2 kobolds (D:1)
  8 rats
89 creatures vanquished.

Notes
Turn   | Place    | Note
-------+----------+-------------------------------------------
     0 | D:1      | qw the Gargoyle Fighter began the quest for the Orb.
     0 | D:1      | Reached XP level 1. HP: 14/14 MP: 1/1
     0 | D:1      | 0 ||| qw: Version: 0.2-a-12-gaebbb33
     0 | D:1      | 0 ||| qw: Game counter: 1171
     0 | D:1      | 0 ||| qw: Always use a shield: true
     0 | D:1      | 0 ||| qw: God list: Okawaru
     0 | D:1      | 0 ||| qw: Allow faded altars: false
     0 | D:1      | 0 ||| qw: Do Orc after D:15 true
     0 | D:1      | 0 ||| qw: Do second Lair branch before Depths: true
     0 | D:1      | 0 ||| qw: Lair rune preference: random
     0 | D:1      | 0 ||| qw: Plans: Normal, Zot:1-4, God:TSO, Crypt, Tomb,
                  | Pan, Slime:5, Hells, Abyss, Orb
     0 | D:1      | 0 ||| PLANNING D:1-11
    28 | D:1      | Reached skill level 2 in Axes
    95 | D:1      | Reached XP level 2. HP: 15/19 MP: 2/2
   138 | D:1      | 138 ||| Stepping ~*~*~tactically~*~*~ (stealth).
   140 | D:1      | 140 ||| Stepping ~*~*~tactically~*~*~ (stealth).
   369 | D:1      | 369 ||| Stepping ~*~*~tactically~*~*~ (hiding).
   378 | D:1      | Reached skill level 3 in Axes
   378 | D:1      | Reached XP level 3. HP: 22/23 MP: 3/3
   437 | D:1      | 437 ||| Stepping ~*~*~tactically~*~*~ (stealth).
   544 | D:1      | 544 ||| Stepping ~*~*~tactically~*~*~ (stealth).
   770 | D:1      | 770 ||| READING scroll labelled OFOSMOA WUYXU.
   771 | D:1      | 771 ||| READING scroll labelled TOONKY SEIN.
   772 | D:1      | 772 ||| READING scroll labelled DOCOMA CECW.
   825 | D:2      | 825 ||| STAIRDANCE
   889 | D:2      | 889 ||| Stepping ~*~*~tactically~*~*~ (stealth).
   970 | D:2      | 970 ||| Stepping ~*~*~tactically~*~*~ (stealth).
  1068 | D:2      | 1068 ||| Stepping ~*~*~tactically~*~*~ (stealth).
  1238 | D:2      | Reached XP level 4. HP: 25/28 MP: 4/4
  1311 | D:2      | Found a faded altar of an unknown god.
  1419 | D:2      | Reached skill level 4 in Axes
  1518 | D:2      | 1518 ||| Stepping ~*~*~tactically~*~*~ (stealth).
  1622 | D:2      | 1622 ||| UPGRADING to +0 cloak.
  1627 | D:2      | 1627 ||| READING scroll labelled XUM KUUSYHUOCO.
  1630 | D:2      | 1630 ||| READING scroll labelled MORAIR GACW.
  1631 | D:2      | 1631 ||| DRINKING 2 smoky coppery potions.
  1632 | D:2      | 1632 ||| DROPPING potion of flight.
  1658 | D:3      | 1658 ||| Stepping ~*~*~tactically~*~*~ (stealth).
  1668 | D:3      | 1668 ||| Stepping ~*~*~tactically~*~*~ (stealth).
  1669 | D:3      | 1669 ||| Stepping ~*~*~tactically~*~*~ (stealth).
  1671 | D:3      | 1671 ||| Stepping ~*~*~tactically~*~*~ (stealth).
  1733 | D:3      | You fall into a shaft and drop 3 floors!
  1733 | D:6      | Found a glowing drain.
  1734 | D:6      | 1734 ||| PLANNING SEWER
  1734 | D:6      | 1734 ||| UPGRADING to ring of see invisible.
  1735 | D:6      | 1735 ||| DRINKING 3 silvery potions.
  1736 | D:6      | 1736 ||| DROPPING 2 potions of brilliance.
  1738 | Sewer    | Entered a sewer
  1754 | Sewer    | 1754 ||| Stepping ~*~*~tactically~*~*~ (water).
  1762 | Sewer    | 1762 ||| Stepping ~*~*~tactically~*~*~ (water).
  1767 | Sewer    | Reached XP level 5. HP: 29/32 MP: 5/5
  1901 | Sewer    | 1901 ||| Stepping ~*~*~tactically~*~*~ (water).
  2049 | Sewer    | Reached skill level 5 in Axes
  2206 | Sewer    | Reached XP level 6. HP: 15/38 MP: 6/6
  2398 | Sewer    | Identified the +1 dagger "Vypp" {vorpal, *Noise rN++ Will+}
  2610 | D:6      | 2610 ||| PLANNING D:1-11
  2804 | D:6      | Noticed Maggie
  2809 | D:6      | HP: 9/38 [scorpion (3)]
  2812 | D:6      | Reached skill level 1 in Dodging
  2818 | D:6      | HP: 9/38 [Maggie/+1 broad axe of pain (2)]
  2819 | D:6      | HP: 3/38 [Maggie/+1 broad axe of pain (6)]
  2821 | D:6      | Slain by Maggie

Levels and vault maps discovered:
D:1:      erik_arrival_orb_chamber, layout_rooms, minmay_misc_feat_ornament,
          kennysheep_doodads, st_stairs_13
D:2:      kennysheep_the_goblin_king, layout_rooms,
          shapermc_ecumenical_altar_rom_forum, grunt_ministairs_1
D:3:      layout_rooms, mainiacjoe_overflow_six_doors_small, minmay_checkerbox
D:6:      minmay_general_purpose_star, layout_rooms,
          mainiacjoe_overflow_tiny_flanked, gammafunk_temple_overflow_statue,
          gup_sewer_entry_spiral, hangedman_decor_push, uniq_duvessa,
          uniq_maggie, uniq_menkaure

Skill      XL: |  1  2  3  4  5  6 |
---------------+-------------------+-----
Axes           | 2 3 4 5 |  5.9
Fighting       | 4 |  4.2
Dodging        | 1 |  1.1
Armour         | |  3.2
Shields        | |  3.2

Action                   |  1- 3 |  4- 6 || total
-------------------------+-------+-------++-------
Melee: War axe           |   108 |   192 ||   300
Throw: Boomerang         |       |     2 ||     2
  Use: Scroll            |     3 |     2 ||     5
       Potion            |       |     2 ||     2
Armor: Scale mail        |    52 |   109 ||   161
Dodge: Dodged            |    45 |   109 ||   154
Block: Buckler           |    21 |    42 ||    63

Table legend:
 A = Non-vault XP
 B = Vault XP
 C = Vault XP percentage of total XP
 D = Non-vault monster count
 E = Vault monster count
 F = Vault count percentage of total count
                 A         B        C        D         E       F
            +---------+---------+-------+---------+---------+-------
      Total |     291 |     300 |  50.8 |      45 |      44 |  49.4
            +---------+---------+-------+---------+---------+-------
        D:1 |      48 |       2 |   4.0 |      21 |       2 |   8.7
        D:2 |      65 |      13 |  16.7 |      21 |       9 |  30.0
        D:3 |       0 |      31 | 100.0 |       0 |       4 | 100.0
        D:6 |     178 |      24 |  11.9 |       3 |       7 |  70.0
      Sewer |       0 |     230 | 100.0 |       0 |      22 | 100.0
            +---------+---------+-------+---------+---------+-------
